 Dungeon Crawl Stone Soup version 0.21.0-3-g78d12a8 (webtiles) character file.

1 Monsterracer the Chiller (level 1, -1/15 HPs)
             Began as a Hill Orc Ice Elementalist on Jan 17, 2018.
             Slain by an adder zombie (3 damage)
             ... on level 1 of the Dungeon.
             The game lasted 00:00:21 (48 turns).

Monsterracer the Chiller (Hill Orc Ice Elementalist)  Turns: 48, Time: 00:00:22

Health: -1/15      AC:  2    Str: 10    XL:     1   Next: 20%
Magic:  0/3        EV: 12    Int: 15    God:
Gold:   0          SH:  0    Dex: 11    Spells: 2/3 levels left

rFire    . . .     SeeInvis .   (no weapon)
rCold    . . .     Gourm    .   (no shield)
rNeg     . . .     Faith    .   a - +0 robe
rPois    .         Spirit   .   (no helmet)
rElec    .         Reflect  .   (no cloak)
rCorr    .         Harm     .   (no gloves)
MR       .....                  (no boots)
Stlth    ++........             (no amulet)
HPRegen  0.05/turn              (no ring)
MPRegen  0.08/turn              (no ring)

@: no status effects
A: no striking features
a: no special abilities


You were on level 1 of the Dungeon.
You were not hungry.

You visited 1 branch of the dungeon, and saw 1 of its levels.

Inventory:

Armour
 a - a +0 robe (worn)
Books
 b - a book of Frost

   Spells                             Type                      Level
   a - Freeze                         Ice                          1
   b - Throw Frost                    Conjuration/Ice              2
   c - Ozocubu's Armour               Charms/Ice                   3
   d - Throw Icicle                   Conjuration/Ice              4
   e - Summon Ice Beast               Ice/Summoning                4
Comestibles
 c - a ration


   Skills:
 + Level 0.5 Fighting
 - Level 1.5 Dodging
 - Level 1.5 Stealth
 - Level 1.5 Spellcasting
   Level 1.0 Conjurations
 - Level 2.6 Ice Magic


You had 2 spell levels left.
You knew the following spells:

 Your Spells              Type           Power        Failure   Level  Hunger
a - Freeze                Ice            #...         8%          1    ##.....


Dungeon Overview and Level Annotations

Branches:
Dungeon (1/15)

Altars:


Message History

The bat zombie hits you but does no damage.
You take 1 damage, and have 13/14 hp.
You hit the bat zombie.
The bat zombie is heavily damaged.
The bat zombie misses you.
The bat zombie hits you but does no damage.
The bat zombie closely misses you.
You closely miss the bat zombie.
The bat zombie is heavily damaged.
The bat zombie hits you but does no damage. x2
The bat zombie closely misses you.
You hit the bat zombie.
The bat zombie is almost destroyed.
The bat zombie closely misses you.
The bat zombie hits you but does no damage.
You hit the bat zombie.
You destroy the bat zombie!
No target in view!
There is a large open door here.
HP restored.
Magic restored.
There is a large open door here.
An adder zombie comes into view.
Health restored: 15; MP restored: 3 An adder zombie is nearby!
An adder zombie is nearby!
You enter the shallow water.
Moving in this stuff is going to be slow.
No target in view!
No target in view!
You enter the shallow water.
Moving in this stuff is going to be slow.
The adder zombie barely misses you.
Your unstable footing causes you to fumble your attack.
The adder zombie bites you.
You take 4 damage, and have 11/15 hp.
MASSIVE DAMAGE!!
Your unstable footing causes you to fumble your attack.
The adder zombie bites you but does no damage.
The adder zombie bites you.
You take 2 damage, and have 9/15 hp.
The adder zombie bites you.
You take 1 damage, and have 8/15 hp.
You are too injured to fight recklessly!
You are too injured to fight recklessly!
You are too injured to fight recklessly!
You hit the adder zombie but do no damage.
The adder zombie barely misses you.
You barely miss the adder zombie. The adder zombie barely misses you.
You barely miss the adder zombie. The adder zombie completely misses you.
You hit the adder zombie.
The adder zombie is lightly damaged.
The adder zombie misses you.
You barely miss the adder zombie.
The adder zombie is lightly damaged.
The adder zombie bites you but does no damage.
You hit the adder zombie.
The adder zombie is lightly damaged.
The adder zombie misses you.
You hit the adder zombie.
The adder zombie is moderately damaged.
The adder zombie bites you.
* * * LOW HITPOINT WARNING * * *
You take 1 damage, and have 7/15 hp.
Casting: Freeze
Confirm with . or Enter, or press ? or * to list all spells.
Aiming: Freeze
Press: ? - help, Shift-Dir - straight line, f - adder zombie
Aim: an adder zombie (moderately damaged)
You freeze the adder zombie.
The adder zombie completely resists.
The adder zombie is moderately damaged.
The adder zombie closely misses you.
You now have 2/3 mp.
Casting: Freeze
Confirm with . or Enter, or press ? or * to list all spells.
Aiming: Freeze
Press: ? - help, Shift-Dir - straight line, f/p - adder zombie
Aim: an adder zombie (moderately damaged)
You freeze the adder zombie.
The adder zombie completely resists.
The adder zombie is moderately damaged.
The adder zombie completely misses you. The adder zombie bites you.
* * * LOW HITPOINT WARNING * * *
You take 1 damage, and have 6/15 hp.
You now have 1/3 mp.
Casting: Freeze
Confirm with . or Enter, or press ? or * to list all spells.
Aiming: Freeze
Press: ? - help, Shift-Dir - straight line, f/p - adder zombie
Aim: an adder zombie (moderately damaged)
You freeze the adder zombie.
The adder zombie completely resists.
The adder zombie is moderately damaged.
The adder zombie bites you.
* * * LOW HITPOINT WARNING * * *
You take 4 damage, and have 2/15 hp.
MASSIVE DAMAGE!!
You now have 0/3 mp.
Unknown command.
You closely miss the adder zombie.
The adder zombie is moderately damaged.
The adder zombie barely misses you.
You barely miss the adder zombie.
The adder zombie is moderately damaged.
The adder zombie bites you.
You die...

###+###
#♣♣.....♣♣#
♣≈.......≈♣
#.....Z...#8.#
#...≈♣≈@..##.#
+...♣8♣...++..
#...≈♣≈...##.###
#.........#8.#≈
♣≈.......≈♣#.8
#♣♣.....♣♣##.#
###'######'###
##8#'#8##8...8#
+.......'.....#


You could see an adder zombie.

Vanquished Creatures
  A bat zombie (D:1)
1 creature vanquished.

Notes
Turn   | Place    | Note
-------+----------+-------------------------------------------
     0 | D:1      | Monsterracer the Hill Orc Ice Elementalist began the quest for the Orb.
     0 | D:1      | Reached XP level 1. HP: 14/14 MP: 3/3
    43 | D:1      | HP: 7/15 [adder zombie (2)]
    46 | D:1      | HP: 2/15 [adder zombie (4)]
    48 | D:1      | Slain by an adder zombie

Action                   || total
-------------------------++-------
Melee: Unarmed           ||    20
 Cast: Freeze            ||     4
Armor: Robe              ||    13
Dodge: Dodged            ||    22

Vault maps used:
D:1:      saegor_arrival_fortress, minmay_tripent
